 Dungeon Crawl Stone Soup version 0.25.1-2-g60ff931df9 (webtiles) character file.

Game seed: 11707025123297018229

245 nicanaca0 the Cudgeler (level 6, -2/39 HPs)
             Began as a Gargoyle Fighter on Oct 31, 2020.
             Killed by divine providence
             ... invoked by an orc priest
              (12 damage)
             ... on level 3 of the Dungeon.
             The game lasted 00:07:29 (2343 turns).

nicanaca0 the Cudgeler (Gargoyle Fighter)           Turns: 2343, Time: 00:07:30

Health: -2/39      AC: 13    Str: 21    XL:     6   Next: 10%
Magic:  6/6        EV:  7    Int:  9    God:
Gold:   176        SH:  9    Dex:  9    Spells: 5/5 levels left

rFire    . . .     SeeInvis .   a - +0 flail
rCold    . . .     Gourm    .   c - +0 kite shield
rNeg     + . .     Faith    .   b - +0 scale mail
rPois    ∞         Spirit   .   (no helmet)
rElec    +         Reflect  .   (no cloak)
rCorr    .         Harm     .   m - +0 pair of gloves
MR       .....                  v - +0 pair of boots (curse)
Stlth    ..........             (no amulet)
HPRegen  0.13/turn              (no ring)
MPRegen  0.10/turn              (no ring)

@: no status effects
A: negative energy resistance 1, electricity resistance, unbreathing,
petrification resistance, rot immunity, AC +4
a: no special abilities


You were on level 3 of the Dungeon.
You were not hungry.

You visited 1 branch of the dungeon, and saw 3 of its levels.

You collected 176 gold pieces.

Inventory:

Hand Weapons
 a - a +0 flail (weapon)
Missiles
 k - 26 poisoned darts (quivered)
 w - 7 javelins
Armour
 b - a +0 scale mail (worn)
 c - a +0 kite shield (worn)
 m - a +0 pair of gloves (worn)
 v - a cursed +0 pair of boots (worn)
Wands
 u - a wand of digging (5)
Scrolls
 e - a scroll of blinking {unknown}
 j - 2 scrolls of teleportation {unknown}
 p - 2 scrolls of enchant weapon {unknown}
 q - 4 scrolls of identify {unknown}
 r - 2 scrolls of immolation {unknown}
 s - a scroll of magic mapping {unknown}
 y - a scroll of remove curse {unknown}
 z - a scroll of amnesia {unknown}
 A - a scroll of fear {unknown}
 B - a scroll of enchant armour {unknown}
 C - a scroll of random uselessness {unknown}
Potions
 d - a potion of might
 g - a potion of curing {@q1}
 h - a potion of brilliance {unknown}
 i - a potion of mutation {unknown}
 l - 2 potions of lignification {unknown}
 n - a potion of heal wounds {unknown}
 o - a potion of resistance {unknown}
 t - a potion of haste {unknown}
Comestibles
 f - 9 rations
 x - 7 chunks of flesh


   Skills:
 + Level 4.6 Fighting
 * Level 4.6 Maces & Flails
 - Level 3.2 Armour
 + Level 4.5 Shields


You had 5 spell levels left.
You didn't know any spells.
Your spell library was empty.

Dungeon Overview and Level Annotations

Branches:
Dungeon (3/15)

Altars:
Gozag


Innate Abilities, Weirdness & Mutations

You are resistant to torment.
Your stone body is resilient. (AC +4)
You are immune to poison.
You resist negative energy. (rN+)
You are resistant to electric shocks. (rElec)
You can survive without breathing.
You are immune to petrification.
You are immune to rotting.


Message History

The orc hits you but does no damage.
Some of the chunks of flesh in your inventory have rotted away.
You sock the orc priest!
The orc priest is severely wounded.
The orc priest hits you with a +0 flail.
* * * LOW HITPOINT WARNING * * *
The orc hits you but does no damage. The orc barely misses you.
The orc hits you but does no damage.
The orc priest looks encouraged for a moment.
You barely miss the orc priest.
The orc priest is severely wounded.
The orc hits you but does no damage. x3; The orc priest closely misses you.
You hit the orc priest.
The orc priest is almost dead.
You block the orc's attack. The orc hits you but does no damage.
An orc comes into view. It is wielding a -1 whip.
You block the orc's attack.
The orc priest invokes the aid of Beogh against you.
Beogh smites you!
You die...

............#
...........#########
....#.....#[.......# ##
###.###....)[..####
##..##.............
#....#.............
#.#................
...######..ooo...........%.
...>.......o@#...o.o.......
...##.....o.#.............
.....#.#.#...#......<......
#.#..................#...
#.....#.#................
##....).............#..
#.#.#÷............##
######.#..÷............#
#.......................#


You could see an orc priest and 4 orcs.

Vanquished Creatures
  A black bear (D:2)
  Natasha (D:3)
  4 adders
  2 worms (D:2)
  6 dart slugs (D:1)
  4 leopard geckos
  4 orcs (D:3)
  A ball python (D:1)
  5 giant cockroaches
  9 goblins
  9 hobgoblins
  2 jackals (D:1)
  8 kobolds
  7 bats
  3 frilled lizards
  7 rats
73 creatures vanquished.

Notes
Turn   | Place    | Note
-------+----------+-------------------------------------------
     0 | D:1      | nicanaca0 the Gargoyle Fighter began the quest for the Orb.
     0 | D:1      | Reached XP level 1. HP: 14/14 MP: 1/1
   173 | D:1      | Reached XP level 2. HP: 19/19 MP: 2/2
   486 | D:1      | Reached XP level 3. HP: 23/23 MP: 3/3
  1031 | D:2      | Reached XP level 4. HP: 26/29 MP: 4/4
  1120 | D:2      | Noticed a black bear
  1131 | D:2      | Killed a black bear
  1131 | D:2      | Reached XP level 5. HP: 12/33 MP: 5/5
  1492 | D:2      | Found an opulent altar of Gozag.
  2224 | D:3      | Noticed Natasha
  2312 | D:3      | Killed Natasha
  2312 | D:3      | Reached XP level 6. HP: 36/39 MP: 6/6
  2343 | D:3      | Killed from afar by an orc priest

Illustrated notes

Levels and vault maps discovered:
D:1:      dpeg_arrival_three_smaller_balls, layout_loops_cross
D:2:      layout_basic, nicolae_gozag_seed_capital
D:3:      layout_rooms, first_ration, chequers_ecumenical_altar_twisty,
          serial_glass, glass_columns_a, glass_columns_a, item_on_display_a,
          feat_on_display, item_on_display_a, tgw_kikubaaqudgha, uniq_natasha

Skill      XL: |  1  2  3  4 |
---------------+-------------+-----
Maces & Flails | 3 4 |  4.6
Fighting       | 4 |  4.6
Shields        | 4 |  4.5
Armour         | |  3.2

Action                   |  1- 3 |  4- 6 || total
-------------------------+-------+-------++-------
Melee: Flail             |   155 |   158 ||   313
Throw: Dart              |       |     7 ||     7
  Eat: Chunk             |     1 |     4 ||     5
Armor: Scale mail        |    91 |   103 ||   194
Dodge: Dodged            |    46 |    57 ||   103
Block: Kite shield       |    78 |   101 ||   179
